 Dungeon Crawl Stone Soup version 0.28.0-43-g3370ac3207 (webtiles) character file.

Game seed: 9123158868842772550

3514 pkoi the Cleaver (level 9, -4/72 HPs)
             Began as a Minotaur Gladiator on Mar 14, 2022.
             Was a Believer of Makhleb.
             Slain by Maggie
             ... wielding a +1 scimitar of flaming
              (14 damage)
             ... on level 7 of the Dungeon.
             The game lasted 00:07:37 (8125 turns).

pkoi the Cleaver (Minotaur Gladiator)               Turns: 8125, Time: 00:07:38

Health: -4/72      AC: 18    Str: 23    XL:     9   Next: 81%
Magic:  13/13      EV:  7    Int:  5    God:    Makhleb [**....]
Gold:   351        SH:  0    Dex: 12    Spells: 8/8 levels left

rFire   . . .      SeeInvis .   q - +4 battleaxe
rCold   . . .      Faith    .   (shield currently unavailable)
rNeg    . . .      Spirit   .   C - +1 plate armour {Will+}
rPois   .          Reflect  .   c - +1 hat
rElec   .          Harm     .   E - +0 cloak
rCorr   .          Rampage  .   (no gloves)
Will    +....                   (no boots)
Stlth   ..........              (no amulet)
HPRegen 0.22/turn               n - +4 ring of protection
MPRegen 0.13/turn               (no ring)

@: mesmerised
A: horns 2, retaliatory headbutt
a: Renounce Religion, Minor Destruction


You were on level 7 of the Dungeon.
You worshipped Makhleb.
Makhleb was pleased with you.
You visited 2 branches of the dungeon, and saw 8 of its levels.

You collected 351 gold pieces.

Inventory:

Hand Weapons
 a - a +0 war axe
 q - a +4 battleaxe (weapon)
 x - a +0 battleaxe
Missiles
 d - 6 throwing nets (quivered)
 i - 27 poisoned darts
Armour
 c - a +1 hat (worn)
 w - an orb of light
 C - a +1 plate armour of willpower (worn)
 E - a +0 cloak (worn)
Jewellery
 j - a ring of fire
 n - a +4 ring of protection (left hand)
 r - a ring of ice
Wands
 o - a wand of paralysis (14)
 y - a wand of mindburst (10)
Scrolls
 b - a scroll of immolation
 g - a scroll of teleportation
 h - 2 scrolls of amnesia
 B - a scroll of identify
 D - a scroll of blinking
Potions
 e - a potion of haste
 f - a potion of invisibility
 k - 2 potions of cancellation
 l - a potion of ambrosia
 m - a potion of magic
 p - a potion of curing
 s - a potion of resistance
 t - a potion of might
 u - 4 potions of lignification
 v - a potion of mutation
 z - a potion of degeneration {unknown}
 A - a potion of berserk rage {unknown}


   Skills:
 - Level 4.3 Fighting
 + Level 11.3 Axes
 - Level 2.0 Throwing
 + Level 2.6 Armour
 - Level 3.2 Dodging
 + Level 7.6 Invocations
 + Level 5.7 Evocations


You had 8 spell levels left.
You didn't know any spells.
Your spell library contained the following spells:

 Spells                   Type           Power      Damage    Failure   Level
 Animate Skeleton         Necr           0%         N/A       100%        1
 Pain                     Necr           0%         1d4       100%        1
 Vampiric Draining        Necr           0%         2d6       100%        3
 Summon Lightning Spire   Summ/Air       0%         N/A       100%        4
 Storm Form               Tmut/Air       0%         N/A       100%        7
 Maxwell's Capacitive Co  Air            0%         ∞         100%        8


Dungeon Overview and Level Annotations

Branches:
Dungeon (7/15)             Temple (1/1) D:5

Altars:
Ashenzari
Cheibriados
Dithmenos
Fedhas
Gozag
Hepliaklqana
Kikubaaqudgha
Makhleb
Nemelex Xobeh
Okawaru
Qazlal
Ru
Sif Muna
Trog
Uskayaw
Vehumet
Wu Jian
Xom
Yredelemnul
Zin
The Shining One
Ignis

Annotations:
D:6 1 runed translucent door, Icepheonix32's ghost, novice DsFi
D:7 Maggie


Innate Abilities, Weirdness & Mutations

You have a pair of horns on your head.
You reflexively headbutt those who attack you in melee.


Message History

Maggie is moderately wounded.
Maggie hits you but does no damage. Maggie gestures at you while chanting.
The bolt of fire hits you.
* * * LOW HITPOINT WARNING * * *
You hit Maggie.
Maggie is heavily wounded.
Maggie barely misses you.
You barely miss Maggie.
Maggie is heavily wounded.
Maggie hits you with a +1 scimitar of flaming!
* * * LOW HITPOINT WARNING * * *
Maggie burns you.
* * * LOW HITPOINT WARNING * * *
You closely miss Maggie. Your headbutt misses Maggie.
Maggie is heavily wounded.
Maggie mumbles some strange words.
Maggie attempts to bespell you!
You are mesmerised by Maggie!
You hit Maggie.
Maggie is heavily wounded.
Maggie mumbles some strange words.
Maggie draws you further into her thrall.
You closely miss Maggie.
Maggie is heavily wounded.
Maggie hits you with a +1 scimitar of flaming.
* * * LOW HITPOINT WARNING * * *
Maggie burns you.
* * * LOW HITPOINT WARNING * * *
Unknown command.
You closely miss Maggie. You headbutt Maggie, but do no damage.
Maggie is heavily wounded.
Maggie gestures at you while chanting. The bolt of fire hits you!!
* * * LOW HITPOINT WARNING * * *
Unknown command.
You slice Maggie!!
Maggie is almost dead.
Maggie hits you with a +1 scimitar of flaming!
You die...

#############
##......##...
...####.##.##### @#
....[..........# .#
......#.##.###†###.#
....##.....†.....#.#
.#########.###.#.#.#
.# #.# #.#.#.# .#
#.###.#@#.# .#
#.......@.# ..
#####.#.### ## #.#.#
#.#.# ... ..# #.##
#.


You could see Maggie (mesmerising).

Vanquished Creatures
  Pikel (D:6)
  Sigmund (D:3)
  An acid dragon (D:7)
  A water moccasin (D:7)
  2 orc warriors
  4 ogres
  A centaur (D:6)
  2 phantoms
  3 kobold brigands
  2 scorpions
  6 water moccasin zombies
  A gnoll sergeant (D:7)
  3 killer bees (D:7)
  4 wights (D:7)
  2 howler monkeys
  A bullfrog zombie (D:6)
  2 hounds
  3 orc priests
  3 jellies (D:5)
  Ijyb (D:3)
  6 orc wizards
  6 iguanas
  Robin (D:2)
  8 adders
  3 gnolls (D:7)
  A howler monkey skeleton (D:6)
  An ufetubus (D:7)
  A worm (D:5)
  A dart slug (D:2)
  17 orcs
  6 ball pythons
  6 endoplasms
  A giant cockroach (D:1)
  10 goblins
  13 hobgoblins
  5 jackals (D:1)
  2 quokkas
  7 bats
  7 frilled lizards
  13 kobolds
  10 rats
169 creatures vanquished.

Vanquished Creatures (others)
  6 plants
  2 withered plants (D:3)
8 creatures vanquished.

Grand Total: 177 creatures vanquished

Notes
Turn   | Place    | Note
-------+----------+-------------------------------------------
     0 | D:1      | pkoi the Minotaur Gladiator began the quest for the Orb.
     0 | D:1      | Reached XP level 1. HP: 18/18 MP: 0/0
   142 | D:1      | Reached skill level 4 in Axes
   450 | D:1      | Reached XP level 2. HP: 22/25 MP: 1/1
   830 | D:1      | Reached XP level 3. HP: 16/31 MP: 2/2
  1240 | D:2      | Noticed an ogre
  1248 | D:2      | Killed an ogre
  1249 | D:2      | Reached skill level 5 in Axes
  1249 | D:2      | Reached XP level 4. HP: 40/40 MP: 3/3
  1260 | D:2      | Reached skill level 6 in Axes
  1311 | D:2      | Found a faded altar of an unknown god.
  1360 | D:2      | Reached XP level 5. HP: 41/46 MP: 4/4
  1650 | D:2      | Identified the +0 helmet of the Bulwark {MP+9 Stlth+}
  1650 | D:2      | Noticed Robin
  1663 | D:2      | Killed Robin
  1996 | D:3      | Found a burning altar of Makhleb.
  2011 | D:3      | Became a worshipper of Makhleb the Destroyer
  2021 | D:3      | Found a radiant altar of Vehumet.
  2053 | D:3      | Noticed Ijyb
  2064 | D:3      | Killed Ijyb
  2130 | D:3      | Noticed Sigmund
  2142 | D:3      | Killed Sigmund
  2143 | D:3      | Reached skill level 7 in Axes
  2143 | D:3      | Reached XP level 6. HP: 12/53 MP: 4/6
  2539 | D:3      | Found an ancient bone altar of Kikubaaqudgha.
  2588 | D:3      | Found a shadowy altar of Dithmenos.
  2593 | D:3      | You fall into a shaft and drop 2 floors!
  2593 | D:5      | Entered Level 5 of the Dungeon
  2827 | D:5      | Reached XP level 7. HP: 60/60 MP: 8/8
  2830 | D:5      | Reached skill level 8 in Axes
  3182 | D:3      | Found a snail-covered altar of Cheibriados.
  3526 | D:3      | Found an ornate altar of the Wu Jian Council.
  3769 | D:4      | Reached skill level 1 in Evocations
  3777 | D:4      | Found a glowing golden altar of the Shining One.
  4155 | D:4      | Reached XP level 8. HP: 59/67 MP: 10/10
  4382 | D:4      | Reached * piety under Makhleb
  4686 | D:5      | Reached skill level 9 in Axes
  4711 | D:5      | Reached skill level 5 in Invocations
  4976 | D:5      | Found a blossoming altar of Fedhas.
  5016 | D:5      | Found a staircase to the Ecumenical Temple.
  5027 | Temple   | Entered the Ecumenical Temple
  5902 | D:6      | Noticed Pikel
  5910 | D:6      | Killed Pikel
  5911 | D:6      | Reached skill level 10 in Axes
  5911 | D:6      | Reached XP level 9. HP: 67/72 MP: 12/12
  6218 | D:6      | Found a basalt altar of Yredelemnul.
  6246 | D:6      | Found a runed translucent door.
  6247 | D:6      | Noticed Icepheonix32's ghost (novice DsFi)
  6267 | D:6      | Reached ** piety under Makhleb
  6498 | D:6      | Reached skill level 5 in Evocations
  7087 | D:7      | Reached skill level 11 in Axes
  7157 | D:7      | Reached skill level 1 in Armour
  8108 | D:7      | Noticed Maggie
  8125 | D:7      | Slain by Maggie

Illustrated notes

Levels and vault maps discovered:
D:1:      minmay_arrival_five_plusses, layout_basic, serial_bayou_pond_e
D:2:      layout_basic, basic_ecumenical_altar, uniq_robin
D:3:      layout_basic, amcnicky_altar_gilded, pdpol_wu_jian_five_deadly_venoms,
          mainiacjoe_overflow_six_doors_small, nicolae_overflow_crystal_walls,
          kiku_gazebo_garden_becter, lemuel_crystal_altar, serial_glass,
          glass_columns_a, glass_columns_a, item_on_display_b,
          due_unseen_surprise, item_on_display_a, minmay_strange_pillars,
          chequers_serial_rivers_large_b, uniq_sigmund, uniq_ijyb
D:4:      layout_loops_corners, nicolae_tso_carved_into_rock, minmay_bent
D:5:      layout_gridville, mainiacjoe_overflow_alcove_2,
          minmay_temple_entry_trees
D:6:      layout_loops_ring, nicolae_yredelemnul_corpse_copse,
          gammafunk_ghost_grave, lexackson_kobold_supper, uniq_pikel
D:7:      black_bear_nest_1, layout_loops_ring, minivault_10,
          grunt_ministairs_2, uniq_maggie
Temple:   ebering_untended_altars

Skill      XL: |  1  2  3  4  5  6  7  8  9 |
---------------+----------------------------+-----
Axes           | 4 5 6 7 8 10 11 | 11.3
Fighting       | 3 4 |  4.3
Invocations    | 2 3 4 6 7 |  7.6
Evocations     | 2 4 5 |  5.7
Armour         | 2 |  2.6
Throwing       | |  2.0
Dodging        | |  3.2

Action                   |  1- 3 |  4- 6 |  7- 9 || total
-------------------------+-------+-------+-------++-------
Melee: War axe           |    58 |    84 |   131 ||   273
       Headbutt          |     9 |    14 |    39 ||    62
       Punch             |     1 |     1 |     5 ||     7
       Battleaxe         |       |       |   142 ||   142
Evoke: Wand              |       |       |     1 ||     1
  Use: Scroll            |       |       |    12 ||    12
       Potion            |       |       |     9 ||     9
 Stab: Sleeping          |       |     1 |       ||     1
       Paralysed         |       |       |     1 ||     1
Armor: Leather armour    |    20 |    16 |       ||    36
       Chain mail        |       |     3 |   127 ||   130
       Skin              |       |       |     1 ||     1
       Plate armour      |       |       |    32 ||    32
Dodge: Dodged            |    52 |    54 |   102 ||   208
